 Dungeon Crawl Stone Soup version 0.26.1-11-gd32895ea62 (webtiles) character file.

Game seed: 17394691363520960049

446 Zeld the Slasher (level 6, 0/51 HPs)
             Began as a Draconian Monk on May 24, 2021.
             Was a Believer of Qazlal.
             Killed by nerve-wracking pain
             ... invoked by Menkaure
              (9 damage)
             ... on level 5 of the Dungeon.
             The game lasted 00:04:21 (5993 turns).

Zeld the Slasher (Draconian Monk)                   Turns: 5993, Time: 00:04:22

Health: 0/51       AC:  6    Str: 16    XL:     6   Next: 73%
Magic:  6/6        EV: 13    Int: 10    God:    Qazlal [**....]
Gold:   229        SH:  7    Dex: 13    Spells: 5/5 levels left

rFire    . . .     SeeInvis .   a - +0 falchion
rCold    . . .     Faith    .   (no shield)
rNeg     . . .     Spirit   .   (armour unavailable)
rPois    .         Reflect  +   (helmet restricted)
rElec    .         Harm     .   (no cloak)
rCorr    .         Rampage  .   (no gloves)
Will     .....                  (no boots)
Stlth    ++........             n - amulet of reflection
HPRegen  0.17/turn              (no ring)
MPRegen  0.10/turn              (no ring)

@: about to teleport
A: unfitting armour, cold-blooded, AC +6
a: Renounce Religion, Upheaval


You were on level 5 of the Dungeon.
You worshipped Qazlal.
Qazlal was pleased with you.
You visited 2 branches of the dungeon, and saw 6 of its levels.

You collected 229 gold pieces.

Inventory:

Hand Weapons
 a - a +0 falchion (weapon)
Jewellery
 n - an amulet of reflection (around neck)
Wands
 o - a wand of disintegration (9)
Scrolls
 e - 2 scrolls of teleportation
 k - a scroll of remove curse
 p - a scroll of magic mapping
 q - a scroll of enchant armour
Potions
 b - a potion of magic {unknown}
 c - 2 potions of degeneration {unknown}
 d - 2 potions of cancellation {unknown}
 f - a potion of might {unknown}
 g - a potion of haste {unknown}
 h - a potion of lignification {unknown}
 i - a potion of brilliance {unknown}
 j - a potion of flight {unknown}
 r - a potion of attraction {unknown}


   Skills:
 - Level 3.2 Fighting
 * Level 7.7 Long Blades
 - Level 2.6 Dodging
 - Level 1.7 Stealth


You had 5 spell levels left.
You didn't know any spells.
Your spell library was empty.

Dungeon Overview and Level Annotations

Branches:
Dungeon (5/15)             Temple (1/1) D:4

Altars:
Ashenzari
Cheibriados
Dithmenos
Elyvilon
Fedhas
Gozag
Hepliaklqana
Kikubaaqudgha
Makhleb
Nemelex Xobeh
Okawaru
Qazlal
Ru
Sif Muna
Trog
Uskayaw
Vehumet
Wu Jian
Yredelemnul
Zin
The Shining One

Annotations:
D:5 Menkaure


Innate Abilities, Weirdness & Mutations

Your plain brown scales are hard. (AC +6)
You cannot fit into any form of body armour.
You are cold-blooded and may be slowed by cold attacks.


Message History

Okay, then.
As you read the scroll of fear, it crumbles to dust.
You assume a fearsome visage.
Menkaure is unaffected.
You block Menkaure's attack.
Menkaure calls on the powers of darkness!
The adder convulses!
Your body is wracked with pain!
* * * LOW HITPOINT WARNING * * *
As you read the scroll of teleportation, it crumbles to dust.
You feel strangely unstable. Menkaure closely misses you.
The adder bites you but does no damage.
Menkaure points at you and mumbles some strange words.
Pain shoots through your body!
* * * LOW HITPOINT WARNING * * *
There is a stone staircase leading down here.
You hit the adder.
You kill the adder!
Qazlal accepts your kill.
Menkaure gestures at you while chanting.
Pain shoots through your body!
You die...

### #.. #.#
####.#
####<##.#
#.......#
#.....○@#####..
#..............
#.....M..#####.
####.....#
####.#######
#...........
##.#.#######
#.#.# # ...


You could see Menkaure (fast).

Vanquished Creatures
  An ogre (D:4)
  A hound (D:3)
  An orc wizard (D:4)
  5 worker ants (D:4)
  4 gnolls (D:3)
  7 adders
  An ooze (D:3)
  5 worms
  2 dart slugs
  3 leopard geckos
  3 orcs
  3 giant cockroaches
  12 goblins
  5 hobgoblins (D:1)
  4 jackals (D:2)
  2 quokkas
  A ball python (D:2)
  9 bats
  5 frilled lizards
  7 kobolds
  A leopard gecko skeleton (D:4)
  5 rats
87 creatures vanquished.

Notes
Turn   | Place    | Note
-------+----------+-------------------------------------------
     0 | D:1      | Zeld the Draconian Monk began the quest for the Orb.
     0 | D:1      | Reached XP level 1. HP: 19/19 MP: 1/1
   453 | D:1      | Reached XP level 2. HP: 26/26 MP: 2/2
  1130 | D:2      | Reached skill level 4 in Long Blades
  1231 | D:2      | Reached XP level 3. HP: 20/31 MP: 3/3
  1904 | D:2      | Reached XP level 4. HP: 36/38 MP: 4/4
  2055 | D:3      | Reached skill level 5 in Long Blades
  2546 | D:3      | Found a burning altar of Makhleb.
  2550 | D:3      | Reached XP level 5. HP: 42/45 MP: 5/5
  2907 | D:3      | Reached skill level 6 in Long Blades
  3110 | D:3      | Found a faded altar of an unknown god.
  4305 | D:4      | Noticed an ogre
  4314 | D:4      | Killed an ogre
  4315 | D:4      | Reached XP level 6. HP: 21/51 MP: 6/6
  4324 | D:4      | Reached skill level 7 in Long Blades
  4976 | D:4      | Found a staircase to the Ecumenical Temple.
  5020 | Temple   | Entered the Ecumenical Temple
  5027 | Temple   | Became a worshipper of Qazlal Stormbringer
  5027 | Temple   | Reached * piety under Qazlal
  5027 | Temple   | Reached ** piety under Qazlal
  5295 | D:4      | Found a stormy altar of Qazlal.
  5297 | D:4      | Noticed an air elemental
  5299 | D:4      | Noticed a fire elemental
  5299 | D:4      | Noticed a water elemental
  5975 | D:5      | Entered Level 5 of the Dungeon
  5981 | D:5      | Noticed Menkaure
  5993 | D:5      | Killed from afar by Menkaure

Illustrated notes

Levels and vault maps discovered:
D:1:      eino_arrival_water_cross, layout_basic
D:2:      layout_rooms
D:3:      layout_loops_corners, chequers_ecumenical_altar_simple_redux,
          makhleb_blood_cavern_becter
D:4:      layout_basic, minmay_temple_entry_mini_moons,
          nicolae_qazlal_style_of_elements
D:5:      minmay_polygon_palace, layout_basic, xom_redecorated, uniq_menkaure,
          uniq_blork_the_orc, uniq_edmund
Temple:   nicolae_temple_the_god_donut

Skill      XL: |  1  2  3  4  5  6 |
---------------+-------------------+-----
Long Blades    | 4 5 6 7 |  7.7
Fighting       | |  3.2
Dodging        | |  2.6
Stealth        | |  1.7

Action                   |  1- 3 |  4- 6 || total
-------------------------+-------+-------++-------
Melee: Falchion          |    94 |   221 ||   315
       Tailslap          |     8 |    41 ||    49
  Use: Scroll            |       |     8 ||     8
       Potion            |       |     2 ||     2
 Stab: Sleeping          |     5 |     2 ||     7
Armor: Skin              |    33 |    55 ||    88
Dodge: Dodged            |    80 |   129 ||   209
Block: Other             |       |    48 ||    48
       Rpst.: Falchion   |    21 |    32 ||    53
